 Dungeon Crawl Stone Soup version 0.24-a0-269-g32ec7ca (webtiles) character file.

Game seed: 3426258692225372093

9535 gruber the Ducker (level 11, 83/83 HPs)
             Began as a Gnoll Arcane Marksman on Apr 22, 2019.
             Was an Elder of Okawaru.
             Quit the game on level 9 of the Dungeon.
             The game lasted 00:40:01 (15818 turns).

gruber the Ducker (Gnoll Arcane Marksman)          Turns: 15818, Time: 00:40:02

Health: 83/83      AC:  6    Str: 13    XL:     11   Next: 48%
Magic:  21/21      EV: 17    Int: 13    God:    Okawaru [****..]
Gold:   483        SH:  0    Dex: 26    Spells: 10/23 levels left

rFire    + . .     SeeInvis .   u - +0 dagger (venom)
rCold    . . .     Gourm    .   (no shield)
rNeg     . . .     Faith    .   E - +0 troll leather armour
rPois    +         Spirit   +   h - +2 hat "Mesig" {MR- rCorr Int-3 Dex+8}
rElec    .         Reflect  .   C - scarf {Spirit}
rCorr    +         Harm     .   (no gloves)
MR       .....                  (no boots)
Stlth    +++.......             (no amulet)
HPRegen  0.63/turn              p - ring of poison resistance
MPRegen  0.17/turn              F - ring of protection from fire

@: heavily drained
A: distributed training, fangs 1, strong nose
a: Heroism, Renounce Religion


You were on level 9 of the Dungeon.
You worshipped Okawaru.
Okawaru was greatly pleased with you.
You were hungry.

You visited 1 branch of the dungeon, and saw 10 of its levels.
You also visited: Ossuary.

You collected 663 gold pieces.
You spent 180 gold pieces at shops.

Inventory:

Hand Weapons
 a - a +0 hunting sling
 u - a +0 dagger of venom (weapon)
 L - a +4 scimitar of flaming
Missiles
 b - 201 stones (quivered)
 d - 23 sling bullets
 D - 5 throwing nets
Armour
 h - the +2 hat "Mesig" (worn) {MR- rCorr Int-3 Dex+8}
   (You bought it in a shop on level 5 of the Dungeon)

   It affects your intelligence (-3).
   It affects your dexterity (+8).
   It affects your resistance to hostile enchantments.
   It provides partial protection from all sources of acid and corrosion.
 o - a scarf of repulsion
 C - a scarf of spirit shield (worn)
 E - a +0 troll leather armour (worn)
Jewellery
 p - a ring of poison resistance (left hand)
 v - an uncursed ring of ice
 F - a ring of protection from fire (right hand)
Wands
 z - a wand of polymorph (1)
 H - a wand of disintegration (15)
 N - a wand of paralysis (2)
Scrolls
 j - a scroll of magic mapping {unknown}
 k - 9 scrolls of teleportation {unknown}
 l - 8 scrolls of remove curse {unknown}
 n - 6 scrolls of enchant weapon {unknown}
 r - 2 scrolls of noise {unknown}
 s - 11 scrolls of identify {unknown}
 t - 3 scrolls of enchant armour {unknown}
 w - 4 scrolls of fear {unknown}
 y - 4 scrolls of amnesia {unknown}
 J - 2 scrolls of immolation {unknown}
 K - a scroll of random uselessness {unknown}
Potions
 c - 3 potions of brilliance
 e - 2 potions of berserk rage
 g - a potion of lignification {unknown}
 i - 2 potions of agility
 m - 4 potions of curing
 q - 3 potions of magic {unknown}
 x - a potion of degeneration {unknown}
 A - 2 potions of heal wounds {unknown}
 B - 2 potions of haste {unknown}
 G - a potion of flight {unknown}
 I - a potion of ambrosia {unknown}
 M - 2 potions of mutation {unknown}
Comestibles
 f - 12 rations


   Skills:
 + Level 6.8(5.1) Fighting
 + Level 6.2(4.6) Short Blades
 + Level 6.2(4.6) Long Blades
 + Level 6.2(4.6) Axes
 + Level 6.2(4.6) Maces & Flails
 + Level 6.2(4.6) Polearms
 + Level 6.2(4.6) Staves
 + Level 7.8(6.1) Slings
 + Level 6.2(4.6) Bows
 + Level 6.2(4.6) Crossbows
 + Level 6.2(4.6) Throwing
 + Level 6.2(4.6) Armour
 + Level 7.8(6.1) Dodging
 + Level 6.2(4.6) Stealth
 + Level 6.2(4.6) Shields
 + Level 6.2(4.6) Unarmed Combat
 + Level 6.9(5.2) Spellcasting
 + Level 5.1(3.6) Conjurations
 + Level 7.6(5.9) Hexes
 + Level 5.1(3.6) Charms
 + Level 5.1(3.6) Summonings
 + Level 5.1(3.6) Necromancy
 + Level 5.1(3.6) Translocations
 + Level 5.1(3.6) Transmutations
 + Level 5.1(3.6) Fire Magic
 + Level 5.1(3.6) Ice Magic
 + Level 5.1(3.6) Air Magic
 + Level 5.1(3.6) Earth Magic
 + Level 5.1(3.6) Poison Magic
 + Level 6.8(5.2) Invocations
 + Level 6.2(4.6) Evocations


You had 10 spell levels left.
You knew the following spells:

 Your Spells              Type           Power        Failure   Level  Hunger
a - Corona                Hex            ###....      1%          1    None
b - Slow                  Hex            ###.....     3%          2    ##.....
c - Portal Projectile     Hex/Tloc       ###...       10%         3    ###....
d - Cause Fear            Hex            ###.......   19%         4    ####...
e - Confuse               Hex            ###.....     6%          3    ###....

Your spell library contained the following spells:

 Spells                   Type           Power        Failure   Level  Hunger
 Confusing Touch          Hex            ###...       1%          1    None
 Inner Flame              Hex/Fire       ###.....     10%         3    ###....
 Gell's Gravitas          Tloc           ##........   16%         3    ###....
 Leda's Liquefaction      Hex/Erth       ###.......   30%         4    ####...
 Petrify                  Tmut/Erth      ##......     45%         4    ####...
 Metabolic Englaciation   Hex/Ice        ###.......   65%         5    ######.
 Yara's Violent Unravell  Hex/Tmut       ###.......   65%         5    ######.


Dungeon Overview and Level Annotations

Branches:
Dungeon (10/15)              Lair (0/6) D:8
 Temple: D:4-7          Orc: D:9-12

Altars:
Dithmenos
Nemelex Xobeh
Okawaru
Sif Muna
Xom

Shops:
D:5 [   D:8 =

Annotations:
D:4 Grinder
D:10 Nergalle


Innate Abilities, Weirdness & Mutations

Your experience applies equally to all skills.
You have very sharp teeth.
Your uncanny sense of smell can sniff out nearby items.


Message History

Orcish apparitions take form around you.
The spectral orc warrior misses you. x2
The spectral orc warrior hits you from afar with a +0 glaive!
* * * LOW HITPOINT WARNING * * *
The spectral orc warrior completely misses you.
The spectral orc hits you with a +0 hand axe.
* * * LOW HITPOINT WARNING * * *
You climb upwards.
There is a stone staircase leading down here.
Unknown command.
Unknown command.
Unknown command.
Unknown command.
Unknown command.
Unknown command.
You start resting.
Magic restored.
You start resting.
HP restored.
Are you sure you want to abandon this character and quit the game? (Confirm with "yes".)

#######..#####.# #..(......#
......#..# #.# #.........#
.....##..# #.# #.........#
.....#...# #.# #.........#
.....#...# #.# #.........#
.....#...# #.# #.........#
.....#<..# #.######.........#
.....#...# #..........#####.#
####.#...#####..@.......#...#.#
...#.#..................#...#.#
...#.'..................#...'.#
...#.#.......########...#####.#
...###.......#......#.........#
.............'......#.........#
###########..#......#.........#
..........#..+.....##.........#
...)......#..#.....#.......####


There were no monsters in sight!

Vanquished Creatures
  Harold (D:8)
  A two-headed ogre (D:10)
  3 trolls
  A merfolk (D:9)
  4 hippogriffs
  2 hungry ghosts
  A water moccasin (D:9)
  Purgy (D:3)
  5 orc warriors
  2 ice beasts (D:9)
  3 sky beasts
  4 black bears
  2 phantoms
  A necrophage (D:9)
  8 ogres
  4 centaurs
  A crocodile (D:8)
  A big kobold (D:7)
  3 bullfrogs (D:8)
  A water moccasin zombie (D:7)
  4 scorpions
  5 killer bees (D:10)
  11 wights
  A howler monkey (D:5)
  8 crimson imps
  A quasit (D:7)
  2 centaur zombies
  3 gnoll shamans
  9 hounds
  A human zombie (Ossuary)
  A jelly (D:9)
  13 orc wizards
  2 centaur skeletons
  5 orc priests
  3 iguanas
  3 worker ants
  A big kobold zombie (Ossuary)
  3 hound skeletons
  2 mummies (Ossuary)
  Robin (D:3)
  13 gnolls
  2 howler monkey skeletons
  A worker ant zombie (D:5)
  10 adders
  5 shadow imps
  3 oozes
  2 adder zombies
  An adder skeleton (D:8)
  2 worms (D:2)
  2 dart slugs
  4 leopard geckos
  41 orcs
  7 giant cockroaches
  18 goblins
  17 hobgoblins
  6 jackals
  3 quokkas
  3 ball pythons
  9 bats
  7 frilled lizards
  A giant cockroach zombie (D:6)
  2 goblin zombies (Ossuary)
  7 hobgoblin zombies (Ossuary)
  A jackal zombie (Ossuary)
  10 kobolds
  14 kobold zombies (Ossuary)
  A leopard gecko zombie (D:5)
  6 orc zombies (Ossuary)
  2 quokka zombies (D:7)
  11 rats
  3 rat zombies (Ossuary)
342 creatures vanquished.

Vanquished Creatures (others)
  2 plants (D:7)
2 creatures vanquished.

Grand Total: 344 creatures vanquished

Notes
Turn   | Place    | Note
-------+----------+-------------------------------------------
     0 | D:1      | gruber the Gnoll Arcane Marksman began the quest for the
                  | Orb.
     0 | D:1      | Reached XP level 1. HP: 17/17 MP: 4/4
   190 | D:1      | Reached XP level 2. HP: 23/23 MP: 5/5
   957 | D:2      | Reached XP level 3. HP: 24/28 MP: 5/7
   997 | D:2      | Learned a level 2 spell: Slow
  1001 | D:2      | Learned a level 3 spell: Portal Projectile
  1107 | D:2      | Found a faded altar of an unknown god.
  1153 | D:2      | Reached skill level 1 in Invocations
  1288 | D:2      | Reached skill level 1 in Short Blades
  1288 | D:2      | Reached skill level 1 in Long Blades
  1288 | D:2      | Reached skill level 1 in Axes
  1288 | D:2      | Reached skill level 1 in Maces & Flails
  1288 | D:2      | Reached skill level 1 in Polearms
  1288 | D:2      | Reached skill level 1 in Staves
  1288 | D:2      | Reached skill level 1 in Bows
  1288 | D:2      | Reached skill level 1 in Crossbows
  1288 | D:2      | Reached skill level 1 in Throwing
  1288 | D:2      | Reached skill level 1 in Armour
  1288 | D:2      | Reached skill level 1 in Stealth
  1288 | D:2      | Reached skill level 1 in Shields
  1288 | D:2      | Reached skill level 1 in Unarmed Combat
  1288 | D:2      | Reached skill level 1 in Evocations
  1316 | D:2      | Reached XP level 4. HP: 33/34 MP: 6/8
  2044 | D:2      | Reached skill level 1 in Conjurations
  2044 | D:2      | Reached skill level 1 in Charms
  2044 | D:2      | Reached skill level 1 in Summonings
  2044 | D:2      | Reached skill level 1 in Necromancy
  2044 | D:2      | Reached skill level 1 in Translocations
  2044 | D:2      | Reached skill level 1 in Transmutations
  2044 | D:2      | Reached skill level 1 in Fire Magic
  2044 | D:2      | Reached skill level 1 in Ice Magic
  2044 | D:2      | Reached skill level 1 in Air Magic
  2044 | D:2      | Reached skill level 1 in Earth Magic
  2044 | D:2      | Reached skill level 1 in Poison Magic
  2626 | D:3      | Reached XP level 5. HP: 40/40 MP: 9/9
  3189 | D:3      | Noticed Robin
  3212 | D:3      | Killed Robin
  3212 | D:3      | Reached XP level 6. HP: 41/47 MP: 10/10
  3299 | D:3      | Noticed Purgy
  3362 | D:3      | Killed Purgy
  3362 | D:3      | Reached skill level 5 in Slings
  3362 | D:3      | Reached skill level 5 in Dodging
  4112 | D:4      | Reached XP level 7. HP: 33/52 MP: 12/12
  4634 | D:4      | Noticed Grinder
  4645 | D:5      | Entered Level 5 of the Dungeon
  5012 | D:5      | Found Ucliexyr's Antique Armour Shop.
  5021 | D:5      | Bought a pitted hat for 180 gold pieces
  5031 | D:5      | Identified the +2 hat "Mesig" {MR- rCorr Int-3 Dex+8} (You
                  | bought it in a shop on level 5 of the Dungeon)
  5244 | D:5      | Reached XP level 8. HP: 39/60 MP: 14/14
  5435 | D:5      | Found a deep blue altar of Sif Muna.
  6036 | D:5      | Found an iron altar of Okawaru.
  6049 | D:5      | Became a worshipper of Warmaster Okawaru
  6743 | D:6      | Found a sparkling altar of Nemelex Xobeh.
  7208 | D:7      | Found a sand-covered staircase.
  7235 | Ossuary  | Entered an ossuary
  7820 | D:7      | Found a shimmering altar of Xom.
  7907 | D:8      | Reached XP level 9. HP: 17/66 MP: 13/16
  7921 | D:8      | Reached * piety under Okawaru
  7950 | D:8      | Noticed Erica
  8288 | D:8      | Noticed Harold
  8356 | D:8      | Killed Harold
  8356 | D:8      | Reached skill level 5 in Fighting
  8356 | D:8      | Reached skill level 5 in Spellcasting
  8637 | D:8      | Learned a level 4 spell: Cause Fear
  8984 | D:8      | Reached skill level 5 in Invocations
  9083 | D:8      | Found a shadowy altar of Dithmenos.
  9239 | D:8      | Reached ** piety under Okawaru
  9239 | D:8      | Reached XP level 10. HP: 70/74 MP: 13/18
  9653 | D:8      | Identified the cursed +0 spear of Havoc {pierce, SInv}
  9894 | D:8      | Found a staircase to the Lair.
  9937 | D:8      | Found Sidaupoc's Jewellery Shoppe.
 10519 | D:7      | Reached skill level 5 in Short Blades
 10519 | D:7      | Reached skill level 5 in Long Blades
 10519 | D:7      | Reached skill level 5 in Axes
 10519 | D:7      | Reached skill level 5 in Maces & Flails
 10519 | D:7      | Reached skill level 5 in Polearms
 10519 | D:7      | Reached skill level 5 in Staves
 10519 | D:7      | Reached skill level 5 in Bows
 10519 | D:7      | Reached skill level 5 in Crossbows
 10519 | D:7      | Reached skill level 5 in Throwing
 10519 | D:7      | Reached skill level 5 in Armour
 10519 | D:7      | Reached skill level 5 in Stealth
 10519 | D:7      | Reached skill level 5 in Shields
 10519 | D:7      | Reached skill level 5 in Unarmed Combat
 10519 | D:7      | Reached skill level 5 in Evocations
 11367 | D:7      | Reached *** piety under Okawaru
 12051 | D:8      | Noticed Erica
 12051 | D:8      | Erica changed into Erica the hippogriff
 12074 | D:7      | Killed Erica the hippogriff
 13179 | D:9      | Reached XP level 11. HP: 10/82 MP: 3/20
 13791 | D:9      | Reached **** piety under Okawaru
 13952 | D:10     | Entered Level 10 of the Dungeon
 14380 | D:10     | Received a gift from Okawaru
 14400 | D:10     | Reached skill level 5 in Conjurations
 14400 | D:10     | Reached skill level 5 in Charms
 14400 | D:10     | Reached skill level 5 in Summonings
 14400 | D:10     | Reached skill level 5 in Necromancy
 14400 | D:10     | Reached skill level 5 in Translocations
 14400 | D:10     | Reached skill level 5 in Transmutations
 14400 | D:10     | Reached skill level 5 in Fire Magic
 14400 | D:10     | Reached skill level 5 in Ice Magic
 14400 | D:10     | Reached skill level 5 in Air Magic
 14400 | D:10     | Reached skill level 5 in Earth Magic
 14400 | D:10     | Reached skill level 5 in Poison Magic
 14429 | D:10     | Noticed a two-headed ogre
 14502 | D:10     | Killed a two-headed ogre
 14502 | D:10     | Received a gift from Okawaru
 14924 | D:10     | Learned a level 3 spell: Confuse
 15076 | D:10     | Paralysed by a crimson imp for 6 turns
 15541 | D:10     | Noticed Nergalle
 15564 | D:10     | Noticed a spectral orc warlord
 15818 | D:9      | Quit the game

Levels and vault maps discovered:
D:1:      tarquinn_simple_flora_water_c, layout_loops_ring
D:2:      layout_basic, chequers_ecumenical_altar_twisty,
          uniq_crazy_yiuf_cottage
D:3:      layout_rooms, uniq_purgy, uniq_robin
D:4:      layout_loops_cross, lemuel_doored_altar, lemuel_crystal_altar,
          minmay_temple_entry_offerings, uniq_grinder
D:5:      minmay_angry_zag, layout_basic, okawaru_metal_pillars_1_2,
          kennysheep_mini, serial_shops, shop_fountains, first_ration
D:6:      layout_cave_pods, nemelex_xobeh_ov_fountains_minmay
D:7:      kennysheep_housing_project, layout_gridville, enter_ossuary_4,
          minmay_ruined_shrine
D:8:      layout_gridville, nicolae_overflow_crystal_walls,
          grunt_lair_entry_orc_guard_hut, serial_shops, shop, uniq_harold,
          uniq_erica
D:9:      layout_irregular_city, hangedman_fish_farm
D:10:     layout_cave_pods, minmay_bent, uniq_nergalle
Ossuary:  ossuary_tomb_1

Skill      XL: |  1  2  3  4  5  6  7  8  9 10 11 |
---------------+----------------------------------+-----
Invocations    | 1 2 3 4 5 6 |  6.8
Short Blades   | 1 2 3 4 5 6 |  6.2
Long Blades    | 1 2 3 4 5 6 |  6.2
Axes           | 1 2 3 4 5 6 |  6.2
Maces & Flails | 1 2 3 4 5 6 |  6.2
Polearms       | 1 2 3 4 5 6 |  6.2
Staves         | 1 2 3 4 5 6 |  6.2
Bows           | 1 2 3 4 5 6 |  6.2
Crossbows      | 1 2 3 4 5 6 |  6.2
Throwing       | 1 2 3 4 5 6 |  6.2
Armour         | 1 2 3 4 5 6 |  6.2
Stealth        | 1 2 3 4 5 6 |  6.2
Shields        | 1 2 3 4 5 6 |  6.2
Unarmed Combat | 1 2 3 4 5 6 |  6.2
Evocations     | 1 2 3 4 5 6 |  6.2
Spellcasting   | 3 4 5 6 |  6.9
Conjurations   | 1 2 3 4 5 |  5.1
Charms         | 1 2 3 4 5 |  5.1
Summonings     | 1 2 3 4 5 |  5.1
Necromancy     | 1 2 3 4 5 |  5.1
Translocations | 1 2 3 4 5 |  5.1
Transmutations | 1 2 3 4 5 |  5.1
Fire Magic     | 1 2 3 4 5 |  5.1
Ice Magic      | 1 2 3 4 5 |  5.1
Air Magic      | 1 2 3 4 5 |  5.1
Earth Magic    | 1 2 3 4 5 |  5.1
Poison Magic   | 1 2 3 4 5 |  5.1
Fighting       | 3 4 5 6 |  6.8
Slings         | 5 6 7 |  7.8
Dodging        | 5 6 7 |  7.8
Hexes          | 6 7 |  7.6

Action                   |  1- 3 |  4- 6 |  7- 9 | 10-12 || total
-------------------------+-------+-------+-------+-------++-------
Melee: Dagger            |       |    35 |   146 |    38 ||   219
       Bite              |       |     4 |    28 |    13 ||    45
       Punch             |       |       |     7 |     5 ||    12
       Hunting sling     |       |       |       |     6 ||     6
       Scimitar          |       |       |       |    19 ||    19
 Fire: Hunting sling     |   169 |   298 |   683 |  1057 ||  2207
 Cast: Corona            |     4 |    13 |    19 |    67 ||   103
       Slow              |       |       |    44 |    92 ||   136
       Portal Projectile |       |       |     1 |       ||     1
       Cause Fear        |       |       |       |     1 ||     1
Invok: Heroism           |       |       |     1 |       ||     1
Evoke: Wand              |       |       |     6 |     3 ||     9
  Use: Potion            |       |       |     4 |     1 ||     5
  Eat: Chunk             |       |     9 |    14 |    17 ||    40
       Ration            |       |       |     1 |     2 ||     3
Armor: Robe              |    13 |       |       |       ||    13
       Leather armour    |     2 |    32 |    94 |    63 ||   191
       Troll leather arm |       |       |       |    71 ||    71
Dodge: Dodged            |    41 |   137 |   330 |   515 ||  1023
       Rpst.: Scimitar   |       |       |       |     7 ||     7

Table legend:
 A = Non-vault XP
 B = Vault XP
 C = Vault XP percentage of total XP
 D = Non-vault monster count
 E = Vault monster count
 F = Vault count percentage of total count
                 A         B        C        D         E       F
            +---------+---------+-------+---------+---------+-------
      Total |    8459 |    5163 |  37.9 |     235 |     107 |  31.3
            +---------+---------+-------+---------+---------+-------
        D:1 |      31 |       0 |   0.0 |      19 |       0 |   0.0
        D:2 |     121 |       0 |   0.0 |      28 |       0 |   0.0
        D:3 |     194 |     176 |  47.6 |      36 |      12 |  25.0
        D:4 |     226 |       0 |   0.0 |      14 |       0 |   0.0
        D:5 |     782 |     178 |  18.5 |      28 |       5 |  15.2
        D:6 |     287 |       0 |   0.0 |       8 |       0 |   0.0
        D:7 |     694 |    1704 |  71.1 |      25 |      38 |  60.3
        D:8 |    1449 |    1488 |  50.7 |      33 |       6 |  15.4
        D:9 |    2310 |     422 |  15.4 |      28 |       2 |   6.7
       D:10 |    2365 |    1005 |  29.8 |      16 |       5 |  23.8
    Ossuary |       0 |     190 | 100.0 |       0 |      39 | 100.0
            +---------+---------+-------+---------+---------+-------
